 Dungeon Crawl Stone Soup version 0.19.0-20-gbc5f0c6 (webtiles) character file.

118 McCoppin the Sneak (level 5, -8/31 HPs)
             Began as an Octopode Necromancer on Nov 17, 2016.
             Killed from afar by Sigmund (11 damage)
             ... with a puff of flame
             ... on level 2 of the Dungeon.
             The game lasted 00:07:30 (2701 turns).

McCoppin the Sneak (Octopode Necromancer)           Turns: 2701, Time: 00:07:33

Health: -8/31      AC:  1    Str:  6 (7)  XL:     5   Next: 2%
Magic:  2/8        EV: 13    Int: 15 (17) God:
Gold:   49         SH:  0    Dex: 11 (14) Spells: 3 memorised, 1 level left

rFire  . . .     SeeInvis .     i - +0 dagger
rCold  . . .     Gourm    .     (no shield)
rNeg   . . .     Faith    .     (helmet restricted)
rPois  .         Spirit   .     (no amulet)
rElec  .         Reflect  .     (no ring)
rCorr  .         Harm     .     (no ring)
MR     .....                    (no ring)
Stlth  ++++......               (no ring)
                                (no ring)
                                (no ring)
                                (no ring)
                                (no ring)

@: lethally poisoned (-8 -> -45)
A: almost no armour, stealthy swim, amphibious, 8 rings, constrict 8, camouflage
1, gelatinous body 1
a: no special abilities


You were on level 2 of the Dungeon.
You were not hungry.

You visited 1 branch of the dungeon, and saw 2 of its levels.

You collected 49 gold pieces.

Inventory:

Hand Weapons
 i - a +0 dagger (weapon)
Wands
 g - a wand of acid (10/15)
 h - a wand of flame (15/48)
Scrolls
 c - a scroll of identify
Potions
 f - a potion of cancellation
Books
 a - a book of Necromancy

   Spells                             Type                      Level
   a - Pain                           Necromancy                   1
   b - Animate Skeleton               Necromancy                   1
   c - Vampiric Draining              Necromancy                   3
   d - Regeneration                   Charms/Necromancy            3
   e - Animate Dead                   Necromancy                   4
   f - Control Undead                 Necromancy                   4
Comestibles
 b - a bread ration
 j - 4 chunks of flesh


   Skills:
 - Level 2.0 Dodging
 + Level 7.1 Stealth
 - Level 2.0 Spellcasting
 - Level 4.0 Necromancy


You had one spell level left.
You knew the following spells:

 Your Spells              Type           Power        Failure   Level  Hunger
a - Pain                  Necr           ##..         4%          1    #......
b - Vampiric Draining     Necr           ##........   14%         3    ###....
c - Regeneration          Chrm/Necr      #.........   30%         3    ###....


Dungeon Overview and Level Annotations

Branches:
Dungeon (2/15)

Altars:

Annotations:
D:2 Sigmund, Terence


Innate Abilities, Weirdness & Mutations

You cannot wear most types of armour.
You are very stealthy in the water. (Stealth+)
You are amphibious.
You can wear up to eight rings at the same time.
You can use your tentacles to constrict eight enemies at once.
Your skin changes colour to match your surroundings (Stealth+).
Your rubbery body absorbs attacks. (AC +1, EV +1)


Message History

Sigmund barely misses you.
Evoke which item? (* to show all) (? for menu, Esc to quit)
Zapping:
g - a wand of acid (11/15)
Press: ? - help, Shift-Dir - straight line, f/p - Sigmund
Aim: Sigmund, wielding a scythe of venom and wearing a robe (heavily wounded)
The bolt of acid misses Sigmund.
This wand has 10 charges left.
* * * LOW HITPOINT WARNING * * *
You feel very sick.
Evoke which item? (* to show all) (? for menu, Esc to quit)
Zapping:
h - a wand of flame {zapped: 3} (will waste charges)
Press: ? - help, Shift-Dir - straight line, f/p - Sigmund
Aim: Sigmund, wielding a scythe of venom and wearing a robe (heavily wounded)
The puff of flame hits Sigmund.
Sigmund is severely wounded.
Evoking this partially-identified wand wasted a few charges.
* * * LOW HITPOINT WARNING * * *
You feel very sick. Sigmund gestures at you while chanting.
The puff of flame hits you!
You die...

# #.<..##### .# #
#......... . #
###...###### ##.
###....## #..
##.....# #.#
##....[## #!#
........# #.#
###.....# #.#
.....J..########@#
####.##........@.#
#.#############
#.# ..# ###


You could see Sigmund.

Vanquished Creatures
  Jessica (D:2)
  Natasha (twice) (D:2)
  A dart slug (D:1)
  A leopard gecko (D:1)
  2 giant cockroaches (D:2)
  5 hobgoblins
  3 jackals (D:1)
  2 quokkas (D:2)
  A ball python (D:1)
  10 bats
  3 frilled lizards (D:1)
  5 goblins (D:1)
  4 kobolds
40 creatures vanquished.

Notes
Turn   | Place    | Note
-------+----------+-------------------------------------------
     0 | D:1      | McCoppin the Octopode Necromancer began the quest for the Orb.
     0 | D:1      | Reached XP level 1. HP: 11/11 MP: 3/3
   426 | D:1      | Reached skill level 3 in Stealth
   546 | D:1      | Reached XP level 2. HP: 16/17 MP: 5/5
   587 | D:1      | Reached skill level 4 in Stealth
  1398 | D:1      | Reached XP level 3. HP: 21/21 MP: 4/6
  1470 | D:1      | Reached skill level 5 in Stealth
  1783 | D:2      | Noticed Jessica
  1844 | D:2      | Noticed Natasha
  1864 | D:2      | Learned a level 3 spell: Vampiric Draining
  1949 | D:2      | Killed Natasha
  1949 | D:2      | Reached skill level 6 in Stealth
  1949 | D:2      | Reached XP level 4. HP: 13/27 MP: 0/7
  2075 | D:2      | Noticed Terence
  2209 | D:2      | Noticed Natasha
  2232 | D:2      | Killed Natasha
  2284 | D:2      | Noticed Sigmund
  2494 | D:2      | Learned a level 3 spell: Regeneration
  2507 | D:2      | Killed Jessica
  2507 | D:2      | Reached skill level 7 in Stealth
  2507 | D:2      | Reached XP level 5. HP: 8/31 MP: 1/8
  2701 | D:2      | Killed from afar by Sigmund

Skill      XL: |  1  2  3  4 |
---------------+-------------+-----
Stealth        | 3 4 6 7 |  7.1
Dodging        | |  2.0
Spellcasting   | |  2.0
Necromancy     | |  4.0

Action                   |  1- 3 |  4- 6 || total
-------------------------+-------+-------++-------
Melee: Unarmed           |    71 |    27 ||    98
       Constrict         |    23 |     7 ||    30
       Tentacles         |    15 |     5 ||    20
 Cast: Pain              |    18 |     3 ||    21
       Vampiric Draining |     1 |     6 ||     7
Evoke: Wand              |       |     3 ||     3
  Use: Potion            |     1 |     4 ||     5
       Scroll            |       |     1 ||     1
 Stab: Sleeping          |     8 |     3 ||    11
       Distracted        |     2 |       ||     2
  Eat: Chunk             |     3 |     1 ||     4
       Bread ration      |       |     1 ||     1
Armor: Skin              |    18 |     7 ||    25
Dodge: Dodged            |    82 |    21 ||   103
